 Dungeon Crawl Stone Soup version 0.31-a0-233-g139696dc86 (webtiles) character file.

Game seed: 4564599275703933484

277 IndexError the Conjurer (level 6, 0/44 HPs)
             Began as a Gnoll Conjurer on July 8, 2023.
             Slain by a kobold brigand
             ... wielding a +0 club
              (8 damage)
             ... on level 4 of the Dungeon.
             The game lasted 00:05:09 (4727 turns).

IndexError the Conjurer (Gnoll Conjurer)            Turns: 4727, Time: 00:05:10

Health: 0/44       AC:  2    Str:  6    XL:     6   Next: 25%
Magic:  0/14       EV: 13    Int: 20    God:
Gold:   202        SH:  5    Dex: 10    Spells: 4/15 levels left

rFire   . . .        d - staff of conjuration {!a}
rCold   . . .        (no shield)
rNeg    . . .        a - +0 robe
rPois   .            (no helmet)
rElec   .            (no cloak)
rCorr   .            (no gloves)
SInv    .            (no boots)
Will    .....        q - amulet of reflection
Stlth   ++           k - ring of flight {+Fly, !d}
HPRegen 0.27/turn    j - ring of wizardry {Wiz+, !d}
MPRegen 0.14/turn

%: reflection, wizardry (x1)
@: lethally poisoned (0 -> -10), flying, slowed, very slow
A: fangs 1, strong nose, distributed training
a: no special abilities


You were on level 4 of the Dungeon.
You visited 1 branch of the dungeon, and saw 4 of its levels.

You collected 202 gold pieces.

Inventory:

Armour
 a - a +0 robe (worn)
 h - a +0 pair of gloves
   (You found it on level 2 of the Dungeon)
Magical Staves
 d - a staff of conjuration (weapon) {!a}
   (You took it off a kobold on level 1 of the Dungeon)
 i - a staff of fire {rF+}
   (You found it on level 2 of the Dungeon)
Jewellery
 j - a ring of wizardry (right hand) {Wiz+, !d}
   (You found it on level 2 of the Dungeon)
 k - a ring of flight (left hand) {+Fly, !d}
   (You found it on level 2 of the Dungeon)
 q - an amulet of reflection (around neck)
   (You found it on level 4 of the Dungeon)
Wands
 m - a wand of acid (7)
   (You found it on level 3 of the Dungeon)
 p - a wand of paralysis (12)
   (You found it on level 3 of the Dungeon)
Scrolls
 c - 7 scrolls of identify {unknown}
 e - a scroll of immolation {unknown}
 g - 2 scrolls of enchant armour {unknown}
 l - a scroll of torment {unknown}
 n - a scroll of teleportation {unknown}
 s - a scroll of fog {unknown}
Potions
 b - a potion of magic
 f - a potion of mutation {unknown}
 o - 2 potions of attraction {unknown}
 r - a potion of heal wounds {unknown}


   Skills:
 + Level 2.0 Fighting
 + Level 2.0 Short Blades
 + Level 2.0 Long Blades
 + Level 2.0 Axes
 + Level 2.0 Maces & Flails
 + Level 2.0 Polearms
 + Level 2.0 Staves
 + Level 2.0 Ranged Weapons
 + Level 2.0 Throwing
 + Level 2.0 Armour
 + Level 5.0 Dodging
 + Level 4.6 Stealth
 + Level 2.0 Shields
 + Level 2.0 Unarmed Combat
 + Level 5.3 Spellcasting
 + Level 7.3 Conjurations
 + Level 1.5 Hexes
 + Level 1.5 Summonings
 + Level 1.5 Necromancy
 + Level 1.5 Translocations
 + Level 1.5 Transmutations
 + Level 1.5 Fire Magic
 + Level 1.5 Ice Magic
 + Level 1.5 Air Magic
 + Level 1.5 Earth Magic
 + Level 1.5 Poison Magic
 + Level 2.1 Invocations
 + Level 2.0 Evocations


You had 4 spell levels left.
You knew the following spells:

 Your Spells              Type           Power      Damage    Failure   Level
a - Magic Dart            Conj           100%       1d8       1%          1
b - Searing Ray           Conj           100%       2d8       1%          2
c - Fulminant Prism       Conj/Hex       17%        3d10      8%          4
x - Iskenderun's Mystic   Conj/Tloc      34%        2d8       8%          4

Your spell library contained the following spells:

 Spells                   Type           Power      Damage    Failure   Level
 Summon Small Mammal      Summ           44%        N/A       2%          1
 Dazzling Flash           Conj/Hex       68%        N/A       2%          3
 Ensorcelled Hibernation  Hex/Ice        22%        N/A       3%          2
 Spider Form              Tmut/Pois      11%        N/A       8%          3
 Anguish                  Hex/Necr       5%         N/A       24%         4


Dungeon Overview and Level Annotations

Branches:
Dungeon (4/15)
 Temple: D:4-7

Altars:
Fedhas
Kikubaaqudgha
Sif Muna
Vehumet
Wu Jian

Shops:
D:2 :


Innate Abilities, Weirdness & Mutations

You have very sharp teeth.
Your uncanny sense of smell can sniff out nearby items.
Your experience applies equally to all skills.


Message History

You block the orc's attack.
You now have 4/14 mp.
You feel a surge of power!
The magic dart hits the orc.
The orc completely misses you. The orc hits you with a +0 dagger.
You take 2 damage, and have 30/44 hp.
You now have 3/14 mp.
You feel a surge of power!
The magic dart hits the orc.
The orc closely misses you.
You now have 2/14 mp.
You feel a surge of power!
The magic dart hits the orc!
You now have 1/14 mp.
You can't see any susceptible monsters within range! (Use Z to cast anyway.)
Items here: )) [ †.
You see here a +0 dagger.
o - 2 fizzy amethyst potions (gained 1)
You now have 202 gold pieces (gained 9).
Things that are here:
a +0 dagger; a +0 dagger
Things that are here:
a +0 dagger; a +0 dagger You see here a +0 dagger.
A kobold comes into view. It is wielding a +0 dagger.
Health restored: 44; MP restored: 14 You feel a surge of power!
The magic dart hits the kobold.
The kobold shouts!
A hobgoblin comes into view. It is wielding a +0 club.
You now have 13/14 mp.
You feel a surge of power!
The magic dart hits the kobold.
A kobold comes into view. It is wielding a +0 dagger.
You now have 12/14 mp.
You feel a surge of power!
The magic dart hits the kobold.
The kobold shouts!
You now have 11/14 mp.
You feel a surge of power!
The magic dart hits the hobgoblin.
You now have 10/14 mp.
You feel a surge of power!
The magic dart hits the hobgoblin but does no damage.
You now have 9/14 mp.
You feel a surge of power!
The magic dart hits the hobgoblin.
A kobold brigand comes into view.
It is wielding a +0 club and quivering curare-tipped darts.
You now have 8/14 mp.
You feel a surge of power!
The magic dart hits the kobold.
The kobold brigand throws a curare-tipped dart.
The curare-tipped dart barely misses you.
You now have 7/14 mp.
You feel a surge of power!
The magic dart hits the kobold brigand.
You feel a surge of power!
The magic dart hits the kobold brigand.
You now have 6/14 mp.
You feel a surge of power!
The magic dart hits the kobold brigand.
The kobold brigand throws a curare-tipped dart.
You block the curare-tipped dart with an invisible shield... and reflect it back!
The curare-tipped dart barely misses the kobold brigand.
You now have 5/14 mp.
You feel a surge of power!
The magic dart hits the kobold brigand.
The kobold brigand throws a curare-tipped dart.
The curare-tipped dart hits you.
You are poisoned.
You have difficulty breathing.
You feel yourself slow down.
You take 8 damage, and have 36/44 hp.
You now have 4/14 mp.
You feel a surge of power!
The magic dart hits the kobold brigand but does no damage.
You feel very sick.
You take 5 damage, and have 31/44 hp.
You now have 3/14 mp.
You feel a surge of power!
The magic dart hits the kobold brigand.
You feel very sick.
You take 2 damage, and have 29/44 hp.
You now have 2/14 mp.
You feel a surge of power!
The magic dart hits the kobold brigand.
You feel very sick.
The kobold brigand throws a curare-tipped dart.
The curare-tipped dart hits you.
You are more poisoned.
You have difficulty breathing.
You feel as though you will be slow longer.
You take 8 damage, and have 21/44 hp.
You are too injured to fight recklessly!
You are too injured to fight recklessly!
Casting: Magic Dart (safe; 1% risk of failure)
Confirm with . or Enter, or press ? or * to list all spells.
Aiming: Searing Ray (safe; 1% risk of failure)
Press: ? - help, Shift-Dir - straight line, f/p - kobold brigand
Aim: a kobold brigand, wielding a +0 club and quivering curare-tipped darts (heavily wounded, 79% to hit)
You feel a surge of power!
The searing ray hits the kobold brigand. (Press . to maintain the ray.)
You feel extremely sick.
The kobold brigand hits you with a +0 club.
* * * LOW HITPOINT WARNING * * *
You take 9 damage, and have 12/44 hp.
MASSIVE DAMAGE!!
You now have 0/14 mp.
Really attack while wielding your staff of conjuration {!a}? [Y]es or [N]o only, please.
Really attack while wielding your staff of conjuration {!a}? [Y]es or [N]o only, please.
Really attack while wielding your staff of conjuration {!a}? [Y]es or [N]o only, please.
Really attack while wielding your staff of conjuration {!a}?
You hit the kobold brigand but do no damage.
You blast the kobold brigand.
* * * LOW HITPOINT WARNING * * *
You feel very sick.
The kobold brigand hits you with a +0 club!
You die...

#..# #.... ..# ##..# ##... ..#
#..## #... ).# #..# #...
..####..# ##.. ##))#~#..## ####.
#..##~#..#####....
##K.#~~..........## ####
#.@##~~......###.## #..##
#..#≈~~~.#######..# ....#
#..#~~~~## ###...# #...##
#.)#≈~~~# ##...#.# ##...###
####.)##≈~## ##..#...# 8#.....##
##..##).#~~# #..###..#
###.....###....#..#~#####.##[##.#
#8##......#....#..#####....#.#...
...#..............##....#.##.##.#


You could see a kobold brigand.

Vanquished Creatures
  An orc priest (D:4)
  An iguana (D:4)
  An orc wizard (D:4)
  4 gnolls
  4 adders
  2 worms
  A dart slug (D:3)
  17 orcs
  5 ball pythons
  7 endoplasms
  3 giant cockroaches
  8 goblins
  11 hobgoblins
  5 jackals
  13 kobolds
  2 quokkas
  5 bats
  2 frilled lizards
  4 rats
96 creatures vanquished.

Notes
Turn   | Place    | Note
-------+----------+-------------------------------------------
     0 | D:1      | IndexError the Gnoll Conjurer began the quest for the Orb.
     0 | D:1      | Reached XP level 1. HP: 13/13 MP: 6/6
   166 | D:1      | Reached XP level 2. HP: 19/19 MP: 4/7
   591 | D:1      | Reached skill level 5 in Spellcasting
   591 | D:1      | Reached XP level 3. HP: 25/25 MP: 3/9
   684 | D:1      | Reached skill level 1 in Invocations
  1209 | D:1      | Learned a level 2 spell: Searing Ray
  1343 | D:2      | Reached skill level 1 in Fighting
  1343 | D:2      | Reached skill level 1 in Short Blades
  1343 | D:2      | Reached skill level 1 in Long Blades
  1343 | D:2      | Reached skill level 1 in Axes
  1343 | D:2      | Reached skill level 1 in Maces & Flails
  1343 | D:2      | Reached skill level 1 in Polearms
  1343 | D:2      | Reached skill level 1 in Staves
  1343 | D:2      | Reached skill level 1 in Ranged Weapons
  1343 | D:2      | Reached skill level 1 in Throwing
  1343 | D:2      | Reached skill level 1 in Armour
  1343 | D:2      | Reached skill level 1 in Shields
  1343 | D:2      | Reached skill level 1 in Unarmed Combat
  1343 | D:2      | Reached skill level 1 in Evocations
  1582 | D:2      | Reached XP level 4. HP: 32/32 MP: 6/11
  1721 | D:2      | Found a faded altar of an unknown god.
  1822 | D:2      | Found Bon Fiuz's Book Boutique.
  2340 | D:3      | Found a blossoming altar of Fedhas.
  2444 | D:3      | Reached skill level 1 in Hexes
  2444 | D:3      | Reached skill level 1 in Summonings
  2444 | D:3      | Reached skill level 1 in Necromancy
  2444 | D:3      | Reached skill level 1 in Translocations
  2444 | D:3      | Reached skill level 1 in Transmutations
  2444 | D:3      | Reached skill level 1 in Fire Magic
  2444 | D:3      | Reached skill level 1 in Ice Magic
  2444 | D:3      | Reached skill level 1 in Air Magic
  2444 | D:3      | Reached skill level 1 in Earth Magic
  2444 | D:3      | Reached skill level 1 in Poison Magic
  3141 | D:3      | Reached XP level 5. HP: 37/37 MP: 8/12
  3389 | D:4      | Learned a level 4 spell: Fulminant Prism
  3394 | D:4      | Learned a level 4 spell: Iskenderun's Mystic Blast
  3840 | D:4      | Reached skill level 2 in Invocations
  3840 | D:4      | Reached XP level 6. HP: 44/44 MP: 7/13
  4101 | D:4      | Found a radiant altar of Vehumet.
  4109 | D:4      | Found an ancient bone altar of Kikubaaqudgha.
  4110 | D:4      | Found a shimmering blue altar of Sif Muna.
  4115 | D:4      | Got Sif Muna's Precepts of the Legion
  4387 | D:4      | Found an ornate altar of the Wu Jian Council.
  4475 | D:4      | Reached skill level 5 in Dodging
  4479 | D:4      | Reached skill level 2 in Fighting
  4479 | D:4      | Reached skill level 2 in Short Blades
  4479 | D:4      | Reached skill level 2 in Long Blades
  4479 | D:4      | Reached skill level 2 in Axes
  4479 | D:4      | Reached skill level 2 in Maces & Flails
  4479 | D:4      | Reached skill level 2 in Polearms
  4479 | D:4      | Reached skill level 2 in Staves
  4479 | D:4      | Reached skill level 2 in Ranged Weapons
  4479 | D:4      | Reached skill level 2 in Throwing
  4479 | D:4      | Reached skill level 2 in Armour
  4479 | D:4      | Reached skill level 2 in Shields
  4479 | D:4      | Reached skill level 2 in Unarmed Combat
  4479 | D:4      | Reached skill level 2 in Evocations
  4727 | D:4      | HP: 8/44 [poisoned by a kobold brigand (curare-tipped
                  | dart)]
  4727 | D:4      | Slain by a kobold brigand

Illustrated notes

Levels and vault maps discovered:
D:1:      dpeg_arrival_chambers_temple_mockup, layout_basic, nrook_uturn
D:2:      layout_basic, ebering_ecumenical_altar_box, serial_shops, shop,
          nicolae_figureground_sparkle
D:3:      minmay_diamond_boxcup, layout_rooms, mainiacjoe_overflow_paths,
          st_stairs_9, serial_park_tiny_1
D:4:      cheibrodos_thug_alley, layout_cave_pods,
          grunt_temple_overflow_magic_moments, nicolae_wu_jian_wuxing_cycle,
          minmay_fractal_squares_gapless_5

Skill      XL: |  1  2  3  4  5  6 |
---------------+-------------------+-----
Spellcasting   | 5 |  5.3
Invocations    | 1 2 |  2.1
Fighting       | 1 2 |  2.0
Short Blades   | 1 2 |  2.0
Long Blades    | 1 2 |  2.0
Axes           | 1 2 |  2.0
Maces & Flails | 1 2 |  2.0
Polearms       | 1 2 |  2.0
Staves         | 1 2 |  2.0
Ranged Weapons | 1 2 |  2.0
Throwing       | 1 2 |  2.0
Armour         | 1 2 |  2.0
Shields        | 1 2 |  2.0
Unarmed Combat | 1 2 |  2.0
Evocations     | 1 2 |  2.0
Hexes          | 1 |  1.5
Summonings     | 1 |  1.5
Necromancy     | 1 |  1.5
Translocations | 1 |  1.5
Transmutations | 1 |  1.5
Fire Magic     | 1 |  1.5
Ice Magic      | 1 |  1.5
Air Magic      | 1 |  1.5
Earth Magic    | 1 |  1.5
Poison Magic   | 1 |  1.5
Dodging        | 5 |  5.0
Stealth        | |  4.6
Conjurations   | |  7.3

Action                     |  1- 3 |  4- 6 || total
---------------------------+-------+-------++-------
  Melee: Staff             |       |     1 ||     1
   Cast: Magic Dart        |    56 |   129 ||   185
         Searing Ray       |     2 |     5 ||     7
 Armour: Robe              |       |     5 ||     5
  Dodge: Dodged            |     2 |    22 ||    24
  Block: Other             |       |     3 ||     3
         Reflection        |       |     1 ||     1

Table legend: (Time is in decaauts)
 A = Elapsed time spent in this place.
 B = Non-inter-level travel time spent in this place.
 C = Inter-level travel time spent in this place.
 D = Time resting spent in this place.
 E = Time spent auto-exploring this place.
 F = Levels seen in this place.
 G = Mean time per level.
                   A        B        C        D        E       F      G
               +--------+--------+--------+--------+--------+-----+--------+
         Total |   4731 |   4432 |    299 |      0 |   4027 |   4 | 1182.8 |
       Dungeon |   4731 |   4432 |    299 |      0 |   4027 |   4 | 1182.8 |
               +--------+--------+--------+--------+--------+-----+--------+

Top non-repeatable levels by time:
     D:4: 1388 daAuts
     D:1: 1379 daAuts
     D:3: 1110 daAuts
     D:2: 853 daAuts

Levels and vault maps discovered:
D:1:      dpeg_arrival_chambers_temple_mockup, layout_basic, nrook_uturn
D:2:      layout_basic, ebering_ecumenical_altar_box, serial_shops, shop,
          nicolae_figureground_sparkle
D:3:      minmay_diamond_boxcup, layout_rooms, mainiacjoe_overflow_paths,
          st_stairs_9, serial_park_tiny_1
D:4:      cheibrodos_thug_alley, layout_cave_pods,
          grunt_temple_overflow_magic_moments, nicolae_wu_jian_wuxing_cycle,
          minmay_fractal_squares_gapless_5

Table legend: (Time is in decaauts)
 A = Elapsed time spent in this place.
 B = Non-inter-level travel time spent in this place.
 C = Inter-level travel time spent in this place.
 D = Time resting spent in this place.
 E = Time spent auto-exploring this place.
 F = Levels seen in this place.
 G = Mean time per level.
                   A        B        C        D        E       F      G
               +--------+--------+--------+--------+--------+-----+--------+
         Total |   4731 |   4432 |    299 |      0 |   4027 |   4 | 1182.8 |
       Dungeon |   4731 |   4432 |    299 |      0 |   4027 |   4 | 1182.8 |
               +--------+--------+--------+--------+--------+-----+--------+

Top non-repeatable levels by time:
     D:4: 1388 daAuts
     D:1: 1379 daAuts
     D:3: 1110 daAuts
     D:2: 853 daAuts

Table legend:
 A = Kills in this place as a percentage of kills in the entire game.
 B = Kills by you in this place as a percentage of kills by you in the entire game.
 C = Kills by friends in this place as a percentage of kills by friends in the entire game.
 D = Other kills in this place as a percentage of other kills in the entire game.
 E = Experience gained in this place as a percentage of experience gained in the entire game.
 F = Experience gained in this place divided by the number of levels of this place that you have seen.
                   A       B       C       D       E      F
               +-------+-------+-------+-------+-------+----------------------
         Total | 100.0 | 100.0 |   N/A |   N/A | 100.0 |  99.0
       Dungeon | 100.0 | 100.0 |   N/A |   N/A | 100.0 |  99.0
               +-------+-------+-------+-------+-------+----------------------
